 Dungeon Crawl Stone Soup version 0.30.0-17-ge0270778cf (webtiles) character file.

Game seed: 1133348485756002017

1710 browni3141 the Summoner (level 8, -11/54 HPs)
             Began as a Mummy Summoner on May 21, 2023.
             Mangled by a wight
             ... wielding a +0 dire flail
              (13 damage)
             ... on level 5 of the Dungeon.
             The game lasted 00:10:46 (7077 turns).

browni3141 the Summoner (Mummy Summoner)            Turns: 7077, Time: 00:10:46

Health: -11/54     AC:  4    Str: 11    XL:     8   Next: 74%
Magic:  17/20      EV: 11    Int: 16    God:
Gold:   302        SH:  0    Dex: 13    Spells: 14/23 levels left

rFire   x . .        a - +0 whip (elec)
rCold   + + .        (no shield)
rNeg    + + +        M - +0 leather armour {rC+}
rPois   ∞            N - +0 helmet
rElec   .            (no cloak)
rCorr   .            (no gloves)
SInv    .            (no boots)
Will    +....        (no amulet)
Stlth   ++           (no ring)
HPRegen 0.29/turn    (no ring)
MPRegen 0.17/turn

%: faith
@: no status effects
A: cold resistance 1, negative energy resistance 3, torment resistance 2, heat
vulnerability 1, in touch with death 1, no potions, faith
a: no special abilities


You were on level 5 of the Dungeon.
You visited 1 branch of the dungeon, and saw 6 of its levels.

You collected 302 gold pieces.

Inventory:

Hand Weapons
 a - a +0 whip of electrocution (weapon)
 b - a +1 shortbow of flaming
 c - a +0 whip
 K - a +0 halberd
Missiles
 J - 13 poisoned darts
 Q - a boomerang
 T - 2 boomerangs of dispersal
 Z - 5 throwing nets
Armour
 M - a +0 leather armour of cold resistance (worn)
 N - a +0 helmet (worn)
 R - a +0 robe
 Y - a +0 leather armour
Jewellery
 X - a ring of ice
Scrolls
 d - 12 scrolls of identify {unknown}
 e - 2 scrolls of torment {unknown}
 f - 4 scrolls of teleportation {unknown}
 g - 3 scrolls of noise {unknown}
 L - a scroll of enchant weapon {unknown}
 O - 3 scrolls of acquirement {unknown}
 P - a scroll of immolation {unknown}
 S - 3 scrolls of fog {unknown}
 U - 3 scrolls of enchant armour {unknown}
 V - a scroll of vulnerability {unknown}
 W - 3 scrolls of fear {unknown}


   Skills:
 - Level 1.0 Fighting
 - Level 1.5 Dodging
 - Level 1.5 Stealth
 + Level 8.1 Spellcasting
 * Level 8.4 Summonings


You had 14 spell levels left.
You knew the following spells:

 Your Spells              Type           Power      Damage    Failure   Level
a - Call Canine Familiar  Summ           33%        N/A       1%          3
g - Summon Guardian Gole  Hex/Summ       19%        N/A       8%          3
x - Call Imp              Summ           66%        N/A       1%          2
z - Summon Small Mammal   Summ           100%       N/A       1%          1

Your spell library contained the following spells:

 Spells                   Type           Power      Damage    Failure   Level
 Static Discharge         Conj/Air       12%        2-3/arc   22%         2
 Summon Lightning Spire   Summ/Air       19%        N/A       26%         4
 Inner Flame              Hex/Fire       6%         N/A       41%         3
 Airstrike                Air            3%         2d(1-17)  82%         4
 Flame Wave               Conj/Fire      6%         2d5       82%         4
 Sticky Flame             Conj/Fire      6%         2d3       82%         4


Dungeon Overview and Level Annotations

Branches:
Dungeon (6/15)
 Temple: D:4-7

Altars:
Cheibriados
Fedhas
Trog

Shops:
D:3 =


Innate Abilities, Weirdness & Mutations

You are immune to poison.
Your flesh is cold resistant. (rC+)
You are immune to negative energy. (rN+++)
You are immune to unholy pain and torment.
You are vulnerable to heat. (rF-)
You are in touch with the powers of death.
You do not drink.
You have a special connection with the divine. (Faith)


Message History

The gnoll bouda hits you with a +0 club.
Your cerulean imp hits the gnoll bouda but does no damage.
Your hound barely misses the gnoll bouda.
You shoot an arrow. The arrow hits the gnoll bouda.
The arrow burns the gnoll bouda.
The gnoll bouda is heavily wounded.
The gnoll bouda hits you but does no damage.
Your hound bites the gnoll bouda.
Your cerulean imp hits the gnoll bouda from afar with a -1 spear.
The gnoll bouda hits your hound with a +0 club.
Your hound bites the gnoll bouda.
Your +1 shortbow of flaming stops flaming.
You hear the crackle of electricity.
a - a +0 whip of electrocution (weapon)
Your hound misses the gnoll bouda.
Your cerulean imp hits the gnoll bouda but does no damage.
The gnoll bouda misses your hound.
You hit the gnoll bouda but do no damage.
The gnoll bouda is severely wounded.
Your hound barely misses the gnoll bouda.
Your cerulean imp hits the gnoll bouda from afar with a -1 spear.
The gnoll bouda barely misses you.
You hit the gnoll bouda but do no damage.
The gnoll bouda is almost dead.
Your hound bites the gnoll bouda but does no damage. x2
Your cerulean imp hits the gnoll bouda from afar with a -1 spear.
The gnoll bouda hits you with a +0 club.
You closely miss the gnoll bouda.
The gnoll bouda is almost dead.
Your hound bites the gnoll bouda.
The gnoll bouda dies!
Things that are here:
a +0 club; a +0 robe You swap places.
There is a stone staircase leading down here.
You start resting.
Your attacks no longer feel as feeble.
You start resting.
Your cerulean imp disappears in a puff of smoke!
Magic restored.
You start resting.
Your hound disappears in a puff of smoke!
HP restored.
You climb downwards.
The wight hits you with a +0 hand axe. x2
The gnoll barely misses you.
There is a stone staircase leading up here.
The wight hits you with a +0 hand axe! The gnoll misses you.
The gnoll hits you but does no damage.
You climb upwards.
There is a stone staircase leading down here.
Casting: Call Imp (safe; 1% risk of failure)
Confirm with . or Enter, or press ? or * to list all spells.
The wight hits you with a +0 hand axe. The gnoll hits you with a +0 club.
Casting: Call Canine Familiar (safe; 1% risk of failure)
Confirm with . or Enter, or press ? or * to list all spells.
A tiny devil pulls itself out of the air.
The gnoll hits you with a +0 club. The wight hits you with a +0 hand axe!
* * * LOW HITPOINT WARNING * * *
You swap places.
Your wolf closely misses the gnoll.
The wight completely misses your wolf. The gnoll hits you with a +0 club.
* * * LOW HITPOINT WARNING * * *
Your wolf bites the gnoll!
Your cerulean imp hits the wight but does no damage.
You hit the gnoll.
The gnoll is almost dead.
Your wolf bites the gnoll!
The gnoll dies!
The wight closely misses your wolf.
Your wolf bites the wight.
Your cerulean imp hits the wight from afar with a -1 spear.
Your wolf bites the wight.
The wight misses your wolf.
Your cerulean imp hits the wight but does no damage.
Your wolf completely misses the wight.
Your wolf bites the wight!
The wight is destroyed!
You swap places.
There is a stone staircase leading down here.
You start resting.
Magic restored.
You start resting.
Your cerulean imp disappears in a puff of smoke!
Your wolf disappears in a puff of smoke!
HP restored.
You climb downwards.
The wight hits you with a +0 dire flail!
There is a stone staircase leading up here.
The wight hits you with a +0 dire flail!
You climb upwards.
There is a stone staircase leading down here.
Casting: Call Imp (safe; 1% risk of failure)
Confirm with . or Enter, or press ? or * to list all spells.
The wight hits you with a +0 dire flail!
* * * LOW HITPOINT WARNING * * *
The wight attacks as you move away!
The wight hits you with a +0 dire flail!
* * * LOW HITPOINT WARNING * * *
Items here: )) [[.
You aren't carrying any items that you can evoke.
The wight attacks as you move away!
The wight hits you with a +0 dire flail!
You die...

.#.##.......# #.....#
............####.#.#.#
.##.##.#.............####
###.##.##........#<.....#
#.##.#.........#.#.####
#...................#
#.##.#.......#.#.#..#
#.##.........#.#.#..#
###...##.#....hz@..##.###
....####.#.....>##......#
###..........##)##.##.#.#
#.####.....##)##.##...#
###'####.....##.##.######
.............##.##.###
.............##......#
.............###.#.#.###
########.....'.........#


You could see a wight (ally target) and a friendly hound (summoned).

Vanquished Creatures
  2 water moccasins (D:5)
  A centaur (D:5)
  A phantom (D:4)
  A bullfrog (D:6)
  2 orc priests
  2 hounds
  An iguana (D:5)
  Natasha (D:2)
  3 gnolls
  3 adders
  3 dart slugs (D:4)
  3 orcs
  3 ball pythons
  2 bats (D:3)
  3 endoplasms
  A hobgoblin (D:3)
  3 jackals
  4 quokkas
  A frilled lizard (D:2)
  5 goblins
  5 kobolds
  A rat (D:2)
51 creatures vanquished.

Vanquished Creatures (collateral kills)
  An ogre (D:5)
  A centaur (D:6)
  A phantom (D:4)
  A scorpion (D:4)
  A wight (D:5)
  A gnoll bouda (D:5)
  2 orc priests
  2 hounds (D:4)
  An iron imp (D:5)
  2 iguanas
  Natasha (twice) (D:2)
  4 orc wizards
  6 gnolls
  6 adders
  A white imp (D:6)
  15 orcs
  3 ball pythons (D:1)
  A bat (D:3)
  An endoplasm (D:2)
  6 hobgoblins
  4 jackals
  2 quokkas (D:1)
  A frilled lizard (D:2)
  2 goblins
  6 kobolds
  A rat (D:1)
74 creatures vanquished.

Vanquished Creatures (others)
  A black bear (D:5)
  A gnoll (D:5)
2 creatures vanquished.

Grand Total: 127 creatures vanquished

Notes
Turn   | Place    | Note
-------+----------+-------------------------------------------
     0 | D:1      | browni3141 the Mummy Summoner began the quest for the Orb.
     0 | D:1      | Reached XP level 1. HP: 13/13 MP: 4/4
   570 | D:1      | Reached XP level 2. HP: 13/20 MP: 2/5
   572 | D:1      | Reached skill level 3 in Spellcasting
   585 | D:1      | Learned a level 2 spell: Call Imp
  1240 | D:2      | Found a blossoming altar of Fedhas.
  1321 | D:2      | Gained mutation: You are in touch with the powers of death.
                  | [Mummy growth]
  1321 | D:2      | Reached XP level 3. HP: 16/26 MP: 4/7
  1577 | D:2      | Learned a level 3 spell: Call Canine Familiar
  1951 | D:2      | Reached XP level 4. HP: 32/32 MP: 6/9
  2047 | D:2      | Noticed Natasha
  2052 | D:2      | Killed Natasha
  2227 | D:2      | Noticed Natasha
  2235 | D:2      | Killed Natasha
  2301 | D:2      | Found a blossoming altar of Fedhas.
  2322 | D:2      | Reached XP level 5. HP: 20/37 MP: 3/11
  2636 | D:2      | Noticed Natasha
  2676 | D:2      | Killed Natasha
  2952 | D:3      | Found Eppamaqy's Jewellery Shop.
  3119 | D:3      | Found a bloodstained altar of Trog.
  4147 | D:4      | Reached XP level 6. HP: 27/43 MP: 9/13
  4590 | D:4      | Reached skill level 6 in Summonings
  4711 | D:4      | Reached XP level 7. HP: 43/48 MP: 12/15
  5159 | D:5      | Entered Level 5 of the Dungeon
  5210 | D:4      | Reached skill level 6 in Spellcasting
  5875 | D:5      | Reached XP level 8. HP: 16/54 MP: 6/18
  6067 | D:5      | Learned a level 3 spell: Summon Guardian Golem
  6303 | D:5      | Found a snail-covered altar of Cheibriados.
  7076 | D:5      | HP: 1/54 [wight/+0 dire flail (12)]
  7077 | D:5      | Mangled by a wight

Illustrated notes

Levels and vault maps discovered:
D:1:      roderic_chinese_lattice_arrival, layout_basic
D:2:      layout_loops_cross, basic_altar, uniq_natasha
D:3:      layout_loops_corners, mainiacjoe_overflow_alcove_1, serial_shops, shop
D:4:      layout_loops_ring
D:5:      layout_basic, slow_altar_2, minmay_misc_feat_iff
D:6:      layout_rooms, minmay_temple_entry_mini_moons, uniq_edmund,
          uniq_eustachio

Skill      XL: |  1  2  3  4  5  6  7  8 |
---------------+-------------------------+-----
Spellcasting   | 3 4 5 6 8 |  8.1
Fighting       | 1 |  1.0
Summonings     | 4 5 6 7 8 |  8.4
Dodging        | |  1.5
Stealth        | |  1.5

Action                     |  1- 3 |  4- 6 |  7- 9 || total
---------------------------+-------+-------+-------++-------
  Melee: Whip              |    84 |    56 |    63 ||   203
         Unarmed           |     3 |       |       ||     3
         Punch             |     1 |       |     1 ||     2
         Halberd           |       |    67 |    51 ||   118
   Fire: Shortbow          |       |       |    13 ||    13
   Cast: Summon Small Mamm |    16 |       |       ||    16
         Call Imp          |    18 |    26 |    19 ||    63
         Call Canine Famil |     6 |    15 |    22 ||    43
         Summon Guardian G |       |       |     2 ||     2
   Stab: Distracted        |       |     3 |     2 ||     5
         Sleeping          |       |     2 |       ||     2
 Armour: Robe              |    25 |       |       ||    25
         Leather armour    |       |    37 |    36 ||    73
  Dodge: Dodged            |    85 |    77 |   103 ||   265
